 Dungeon Crawl Stone Soup version 0.30-a0-852-g08b95dd62f (webtiles) character file.

Game seed: 908869094508735191

2076092 FexLirch the Acrobat (level 27, 228/228 HPs)
             Began as a Djinni Earth Elementalist on Mar 3, 2023.
             Was a High Priest of Ashenzari.
             Escaped with the Orb
             ... and 3 runes on Mar 4, 2023!
             The game lasted 06:31:37 (45833 turns).

FexLirch the Acrobat (Djinni Earth Elementalist)   Turns: 45833, Time: 06:31:38

Health: 228/228    AC: 22    Str:  7    XL:     27
Gold:   5588       EV: 26    Int: 35    God:    Ashenzari [*****.] SH: 25 Dex: 16

rFire   + + .      SeeInvis +    G - +0 staff of Battle
rCold   x . .      Faith    .    d - +2 tower shield "Ennui of Ashenzari" {Self, Fort} (curse)
rNeg    . . .      Spirit   .    j - +3 troll leather armour "Portent of Ashenzari" {Regen+, Cun, Fort} (curse)
rPois   ∞          Reflect  .    f - +2 helmet of Ashenzari's Affliction {Evo, Self} (curse)
rElec   .          Rampage  .    l - +2 cloak "Servitude of Ashenzari" {Will+, Cun, Self} (curse)
rCorr   +          Clarity  +    K - +2 pair of gloves "Gnostic Yoke" {Self, Fort} (curse)
Will    +++..                    (boots unavailable)
Stlth   ++                       y - amulet of Ashenzari's Portent {Regen+, Self, Fort} (curse)
HPRegen 2.18/turn                E - ring of the Crown {+Blink rCorr}
MPRegen 0.00/turn                V - ring of the Oracular Augurer {Int+6, Cun, Self} (curse)

@: flying, very slightly contaminated
A: sickness immunity, fire resistance 2, cold vulnerability 1, float, innate
caster, HP casting, extra vitality 1, clarity, MP-powered wands
0: Orb of Zot
}: 3/15 runes: serpentine, barnacled, slimy
a: Renounce Religion, Evoke Blink, Curse Item, Shatter the Chains


You escaped.
You worshipped Ashenzari.
Ashenzari was extremely pleased with you.
You visited 13 branches of the dungeon, and saw 56 of its levels.
You also visited: Ossuary, Bailey, Volcano and Wizlab.

You collected 6938 gold pieces.
You spent 1350 gold pieces at shops.

Inventory:

Hand Weapons
 G - the +0 staff of Battle (weapon)
   (You found it on level 12 of the Dungeon)

   It enhances your conjuration magic.
   It summons a battlesphere in combat, with strength depending on Conjurations
   skill.
   Its strikes trigger the battlesphere's blasts.
Armour
 d - the cursed +2 tower shield "Ennui of Ashenzari" (worn) {Self, Fort}
   (You took it off Louise on level 1 of the Snake Pit)

   It has a curse which improves the following skills: Introspection: Fighting
   and Spellcasting.
   Fortitude: Armour and Shields.
 f - the cursed +2 helmet of Ashenzari's Affliction (worn) {Evo, Self}
   (You found it on level 1 of the Dungeon)

   It has a curse which improves the following skills: Evocations: Evocations.
   Introspection: Fighting and Spellcasting.
 j - the cursed +3 troll leather armour "Portent of Ashenzari" (worn) {Regen+, Cun, Fort}
   (You found it on level 2 of the Dungeon)

   Regen:     It increases your rate of health regeneration.
   It has a curse which improves the following skills: Cunning: Dodging and
   Stealth.
   Fortitude: Armour and Shields.
 l - the cursed +2 cloak "Servitude of Ashenzari" (worn) {Will+, Cun, Self}
   (You found it on level 1 of the Dungeon)

   It has a curse which improves the following skills: Cunning: Dodging and
   Stealth.
   Introspection: Fighting and Spellcasting.
 K - the cursed +2 pair of gloves "Gnostic Yoke" (worn) {Self, Fort}
   (You found it on level 2 of the Dungeon)

   It has a curse which improves the following skills: Introspection: Fighting
   and Spellcasting.
   Fortitude: Armour and Shields.
Magical Staves
 t - a staff of cold
 u - a staff of fire
Jewellery
 y - the cursed amulet of Ashenzari's Portent (around neck) {Regen+, Self, Fort}
   (You found it on level 1 of the Snake Pit)

   [amulet of regeneration]

   Regen:     It increases your rate of health regeneration.
   It has a curse which improves the following skills: Introspection: Fighting
   and Spellcasting.
   Fortitude: Armour and Shields.
 C - the ring "Puyt Epla" {Wiz rElec rF+ Stlth+}
   (You found it on level 5 of the Pits of Slime)

   [ring of wizardry]

   It improves your spell success rate.
   rF:        It protects you from fire.
   rElec:     It insulates you from electricity.
   Stlth:     It makes you more stealthy.
 E - the ring of the Crown (left hand) {+Blink rCorr}
   (You found it on level 2 of the Lair of Beasts)

   [ring of resist corrosion]

   +Blink:    It lets you blink.
   rCorr:     It protects you from acid and corrosion.
 M - a ring of protection from cold
 N - a ring of wizardry
 V - the cursed ring of the Oracular Augurer (right hand) {Int+6, Cun, Self}
   (You bought it in a shop on level 2 of the Orcish Mines)

   [ring of intelligence]

   Int:       It affects your intelligence (+6).
   It has a curse which improves the following skills: Cunning: Dodging and
   Stealth.
   Introspection: Fighting and Spellcasting.
 W - a ring of ice
 Z - a ring of willpower
Wands
 a - a wand of digging (7)
 m - a wand of flame (104)
 w - a wand of paralysis (50)
 A - a wand of mindburst (3)
 L - a wand of acid (12)
 P - a wand of polymorph (17)
 T - a wand of roots (17)
Scrolls
 e - a scroll of summoning
 i - 6 scrolls of fear
 n - 8 scrolls of fog
 o - 9 scrolls of enchant weapon
 p - 4 scrolls of blinking
 r - 5 scrolls of torment
 x - 15 scrolls of noise
 z - 31 scrolls of teleportation
 F - 10 scrolls of magic mapping
 H - 11 scrolls of poison
 I - 3 scrolls of silence
 Y - 3 scrolls of enchant armour
Potions
 b - 15 potions of curing
 g - 8 potions of might
 h - 2 potions of ambrosia
 k - 12 potions of heal wounds
 q - 8 potions of attraction
 s - 4 potions of mutation
 B - 8 potions of invisibility
 D - 6 potions of haste
 J - 5 potions of berserk rage
 O - 4 potions of lignification
 R - 6 potions of cancellation
 U - 2 potions of brilliance
 X - 3 potions of resistance
Miscellaneous
 c - a box of beasts (inert)
 v - a phantom mirror
 Q - a lightning rod (4/4)
 S - the horn of Geryon (inert)


   Skills:
 - Level 22.3(27) Fighting
 + Level 16.0(21.4) Armour
 + Level 22.8(26.8) Dodging
 + Level 8.5(13.0) Stealth
 + Level 16.6(22.0) Shields
 - Level 21.5(27) Spellcasting
 + Level 18.1(20.2) Evocations


You knew the following spells:

 Your Spells              Type           Power      Damage    Failure   Level
a - Sandblast             Erth           100%       2d20      0%          1
b - Passwall              Tmut/Erth      100%       N/A       0%          2
c - Stone Arrow           Conj/Erth      100%       3d13      0%          3
d - Petrify               Tmut/Erth      100%       N/A       0%          4
e - Necrotise             Necr           100%       1d9       0%          1
f - Lesser Beckoning      Tloc           100%       N/A       0%          2
g - Static Discharge      Conj/Air       100%       2-7/arc   0%          2
h - Olgreb's Toxic Radia  Pois           100%       N/A       0%          4
i - Summon Lightning Spi  Summ/Air       100%       N/A       0%          4
j - Irradiate             Conj/Tmut      75%        3d36      0%          5
k - Starburst             Conj/Fire      75%        6d19      0%          6
l - Summon Cactus Giant   Summ           62%        N/A       0%          6
m - Statue Form           Tmut/Erth      83%        N/A       0%          6
n - Dragon Form           Tmut           62%        N/A       0%          7
o - Summon Hydra          Summ           62%        N/A       0%          7
p - Polar Vortex          Ice            62%        N/A       1%          9
q - Fire Storm            Conj/Fire      75%        8d19      1%          9
Your spell library was empty.

Dungeon Overview and Level Annotations

Branches:
Dungeon (15/15)            Temple (1/1) D:7            Lair (5/5) D:9
 Shoals (4/4) Lair:3        Snake (4/4) Lair:3        Slime (5/5) Lair:4
    Orc (2/2) D:12            Elf (3/3) Orc:2        Vaults (4/5) D:14
  Crypt (3/3) Vaults:3       Tomb (0/3) Crypt:3      Depths (4/4) D:15
   Hell (visited)             Dis (0/7) Hell            Geh (0/7) Hell
    Coc (0/7) Hell            Tar (0/7) Hell            Zot (5/5) Depths:4
Ossuary (visited)          Bailey (visited)         Volcano (visited)
 WizLab (visited)

Altars:
Ashenzari
Cheibriados
Elyvilon
Fedhas
Ru
Trog
Uskayaw
Yredelemnul
Zin
The Shining One
Jiyva

Shops:
D:15 (   Orc:2 [[==   Elf:1 ([   Shoals:3 ?   Snake:1 ?   Snake:3 [?
Vaults:2 ?

Portals:
Hell: Depths:1 Depths:2 Depths:3 Depths:4
Abyss: Lair:4 Depths:3 Depths:4
Pandemonium: Depths:1 Depths:2 Depths:3
Ziggurat: Depths:3
Trove: D:11 (give +6 demon blade)

Annotations:
D:9 2 transporters
Crypt:1 3 runed translucent doors, Omiorith's ghost, adept GrFi; dolemite99's ghost, veteran MfGl
Depths:2 3 runed translucent doors, Himmaryad's ghost, adept TrMo
Depths:3 2 runed translucent doors


Innate Abilities, Weirdness & Mutations

You are immune to sickness and miasma.
You are immune to poison.
Your flesh is very heat resistant. (rF++)
You are vulnerable to cold. (rC-)
You float through the air rather than walking.
You learn spells naturally, not from books.
Your magical power is your life essence.
You have superior vitality. (+4 MHP)
You possess an exceptional clarity of mind.
You expend health (3 HP) to strengthen your wands.


Message History

You block the Executioner's attack.
The large abomination completely misses you.
You block the Executioner's attack. The Executioner barely misses you.
The Executioner hits you.
Casting: Irradiate (safe; 0% risk of failure)
Confirm with . or Enter, or press ? or * to list all spells.
You feel a surge of power!
You erupt in a fountain of uncontrolled magic!
The large abomination is blasted with magical radiation!!!
You destroy the large abomination!
The Executioner is blasted with magical radiation!!!
You kill the Executioner!
You are lightly contaminated with residual magic.
HP restored.
There is a stone staircase leading up here.
You fly upwards.
Your summoned ally is left behind.
Your battlesphere wavers and loses cohesion.
There is a stone staircase leading down here.
Unknown command.
Aiming: Dig
Press: ? - help, Shift-Dir - straight line This square is covered in magical glow.
You feel a surge of power!
The rock shatters into small pieces.
Press: ? - help, v - describe, . - travel A rock wall.
Unknown command.
Unknown command.
Unknown command.
Aiming: Dig
Press: ? - help, Shift-Dir - straight line You can't see that place. [a rock wall.]
You feel a surge of power!
The rock shatters into small pieces.
You produce a hideous howling noise!
You open the lid... ...and a mature batshock beast flies out!
The box is emptied!
You swap places.
There is a staircase leading out of the dungeon here.
You have escaped!

.....~~~~~~~~~~~~~~~~~~≈~~~~.....
.....~≈≈≈≈≈≈≈~≈~≈~≈~≈≈≈≈≈≈≈~[....
.....~≈≈≈≈≈≈≈≈≈≈~≈≈≈≈≈≈≈≈≈≈~.....
.....≈≈≈#'#+#≈≈≈≈≈≈≈#'#+#≈≈~.....
#....~≈≈+...##+###'##..>'≈≈~....#
#....~≈≈+...#.......#.{.'≈≈≈....#
#....~~≈#'#+#.#####.###+#≈≈~.....
......~~≈≈#...#..2#...+≈≈≈≈≈.....
#...⌠..~≈~+.⌠.'.@H.##.#≈≈≈≈≈.....
#...⌠..≈~≈+.⌠.'.22#.#.#≈≈≈≈~.....
......~~≈≈#...#...#...'≈≈≈≈~....#
#....~≈~#'###.#####.#.#'#≈≈~....#
#....~≈≈+...'.......+...+≈≈~.....
#....≈≈≈+...##+###+##...+≈≈~.....
#....~≈≈#'#+#≈≈≈≈≈≈≈#'#+.≈≈~.....
#....~~≈≈≈≈≈≈≈≈≈≈≈≈≈≈≈≈≈≈≈≈~.....
.....~≈≈≈≈≈≈≈≈≈≈≈≈≈≈≈≈≈≈≈≈≈~.....


You could see 3 friendly hell beasts and a friendly mature batshock beast
(summoned).

Vanquished Creatures
  the Royal Jelly (Slime:5)
  2 dread liches (Zot:5)
  2 ancient liches
  12 orbs of fire
  A juggernaut (Depths:3)
  Sojobo (Vaults:3)
  The ghost of Hegoitz the Impregnable, a veteran MiGl of Hepliaklqana (Crypt:3)
  Vv (Zot:4)
  2 Killer Klowns (Zot:5)
  A caustic shrike (Depths:3)
  Geryon (Hell)
  2 curse toes
  4 golden dragons
  2 bone dragons (Depths:4)
  A pandemonium lord (Depths:1)
  3 electric golems
  11 tentacled monstrosities
  A lich (Vaults:4)
  Rupert (Lair:3)
  The ghost of olddryhag the Stickfighter, an adept DsGl of Uskayaw (Elf:3)
  2 deep elf blademasters (Elf:3)
  A walking earthen tome (Depths:3)
  8 quicksilver dragons
  2 deep elf master archers (Elf:3)
  14 acid blobs
  26 Orb Guardians
  4 ancient champions
  10 sphinxes
  An Executioner (D:2)
  4 death cobs
  The ghost of holysushi the Spry, an adept DsMo of Gozag (Elf:3)
  7 shadow dragons
  7 tengu reavers
  A revenant (Crypt:1)
  Roxanne (Snake:2)
  2 nagarajas
  10 storm dragons
  9 rockslimes
  7 draconian monks
  10 azure jellies (Slime:5)
  4 fire giants
  Louise (Snake:1)
  3 draconian knights
  2 balrugs (Hell)
  8 vault wardens
  2 orc warlords
  5 deep elf sorcerers (Elf:3)
  7 draconian scorchers
  7 frost giants
  A juggernaut zombie (Hell)
  5 deep elf elementalists (Elf:3)
  3 draconian stormcallers
  A spriggan defender (Depths:4)
  A ghost moth (Zot:4)
  2 cacodemons (Hell)
  2 curse skulls
  5 draconian annihilators
  17 very ugly things
  4 draconian shifters
  2 ghouls (Crypt:3)
  14 ironbound preservers
  10 ironbound thunderhulks
  A reaper (Hell)
  3 war gargoyles
  12 stone giants
  8 quicksilver oozes
  The ghost of jasper the Thaumaturge, a journeyman DsVM of Vehumet (Lair:4)
  8 vampire knights
  6 deep elf demonologists
  7 deep elf annihilators
  18 purple draconians
  5 green draconians
  7 red draconians
  7 yellow draconians
  6 black draconians
  3 dire elephants (Vaults:2)
  9 white draconians
  9 statues (WizLab)
  The ghost of jasper the Severer, a journeyman HOFi of Beogh (Lair:2)
  6 eidola
  A quicksilver dragon zombie (Vaults:4)
  6 merfolk javelineers
  6 ettins
  7 deep elf death magi
  A crystal guardian (Vaults:1)
  A mummy priest (Hell)
  2 blizzard demons (Hell)
  12 yaktaur captains
  8 jiangshi
  2 fire dragons (Depths:4)
  10 great orbs of eyes
  6 merfolk impalers
  2 entropy weavers (Vaults:2)
  9 deep elf high priests (Elf:3)
  Josephine (D:14)
  A fenstrider witch zombie (Crypt:1)
  A rakshasa (Depths:1)
  8 hydras
  3 salamander tyrants (Snake:3)
  3 spriggan air magi
  2 peacekeepers (Vaults:1)
  11 vault guards
  5 ice dragons
  2 quicksilver dragon skeletons
  A hell beast (Zot:2)
  8 ironbound frosthearts
  5 merfolk avatars
  6 boulder beetles
  16 anacondas
  A catoblepas (Lair:2)
  3 merfolk aquamancers
  4 two-headed ogres
  A death knight (Crypt:2)
  7 centaur warriors
  The ghost of bande the Cleaver, a journeyman GrFi of Okawaru (Lair:2)
  7 naga warriors
  2 deep troll shamans (Depths:1)
  A thrashing horror (Lair:4)
  4 death yaks (Lair:5)
  14 tengu warriors
  28 dancing weapons
  10 naga sharpshooters
  4 deep troll earth magi
  7 vampire magi
  Sonja (D:13)
  2 hell knights
  4 orc high priests (Orc:2)
  14 deep elf knights
  13 shock serpents
  4 skysharks
  4 spriggan berserkers
  A fire crab (shapeshifter) (Elf:2)
  An iron troll (Depths:2)
  26 skeletal warriors
  6 sun demons
  7 soul eaters
  A storm dragon zombie (Hell)
  3 sixfirhies
  8 salamander mystics
  2 flayed ghosts
  A glowing orange brain (Depths:4)
  4 naga ritualists
  A spark wasp zombie (Hell)
  A shadow demon (Depths:3)
  11 ironbound convokers
  39 deep trolls
  7 sea snakes
  5 wizards
  5 deep elf archers
  A glowing orange brain (shapeshifter) (Elf:1)
  6 orc knights
  7 phantasmal warriors
  A golden dragon skeleton (Crypt:2)
  4 tengu zombies
  16 deep elf zephyrmancers
  5 necromancers
  Pikel (D:7)
  5 harpies (Shoals:2)
  6 lindwurms
  18 deep elf pyromancers
  14 salamanders
  A stone giant zombie (Crypt:2)
  A shadow dragon skeleton (Depths:1)
  9 cyclopes
  15 mana vipers
  46 ugly things
  7 shining eyes
  2 fauns
  2 fire giant zombies
  5 orc sorcerers
  7 manticores
  A toenail golem (Volcano)
  4 rust devils
  22 moths of wrath
  A shock serpent zombie (Crypt:3)
  8 guardian serpents
  A black mamba (shapeshifter) (D:13)
  32 black mambas
  11 elephants
  An eye of devastation (shapeshifter) (D:14)
  5 merfolk sirens
  A titan simulacrum (Vaults:4)
  14 vault sentinels
  2 stone giant skeletons (Vaults:4)
  A smoke demon (Depths:1)
  2 ice statues (Hell)
  10 water nymphs
  13 naga magi
  4 eyes of devastation
  2 molten gargoyles (Volcano)
  2 torpor snails
  3 orange demons
  6 cane toads
  A rime drake (shapeshifter) (Elf:3)
  2 large abominations
  A yaktaur zombie (Vaults:4)
  2 rime drakes
  3 unseen horrors
  A kobold demonologist (D:12)
  2 sea snake zombies (Hell)
  An ice devil (Hell)
  7 freezing wraiths
  3 efreet
  25 tengu conjurers
  38 yaktaurs
  An ancient zyme (Lair:4)
  7 komodo dragons
  A meliai (D:14)
  A queen bee (shapeshifter) (D:13)
  3 trolls (Orc:2)
  12 merfolk
  7 wind drakes
  A minotaur skeleton (Crypt:1)
  A tengu simulacrum (Depths:1)
  9 polar bears
  2 hellwings
  A hydra zombie (Hell)
  A mana viper skeleton (Crypt:3)
  2 tarantellas (Vaults:2)
  2 hornets (Depths:4)
  A merfolk (shapeshifter) (Elf:3)
  Grinder (D:5)
  An ettin zombie (Hell)
  5 blink frogs
  A raiju (shapeshifter) (Elf:1)
  4 raiju (Lair:5)
  9 dream sheep
  An alligator zombie (Hell)
  A spriggan zombie (Hell)
  Sigmund (D:6)
  A slime creature (shapeshifter) (Depths:3)
  90 slime creatures
  A jumping spider (Vaults:2)
  9 air elementals
  5 snapping turtles
  3 shadows
  7 flying skulls (Crypt:2)
  3 spriggans
  A centaur simulacrum (D:14)
  13 water elementals
  13 wraiths
  A ynoxinul (D:11)
  3 humans
  26 yaks
  6 wyverns
  7 golden eyes
  A tyrant leech zombie (Crypt:2)
  A basilisk (shapeshifter) (Elf:3)
  5 basilisks
  A chaos spawn (Depths:3)
  Eustachio (D:6)
  2 sea snake simulacra (Hell)
  A neqoxec (Zot:5)
  7 fire elementals
  3 vampire mosquitoes
  A redback (Vaults:2)
  4 wargs
  2 glowing shapeshifter zombies
  An acid dragon (shapeshifter) (Depths:3)
  A floating eye (Depths:3)
  12 hell hounds (Lair:5)
  50 nagas
  A glowing shapeshifter skeleton (Depths:1)
  The ghost of Nabski the Firebug, an amateur TeFE (D:3)
  17 water moccasins
  Duvessa (D:7)
  A faun skeleton (Crypt:2)
  2 alligator simulacra (Hell)
  26 orc warriors
  A sky beast (D:8)
  The ghost of librariansheart the Chopper, an amateur MiBe of Trog (D:3)
  8 black bears (Lair:5)
  8 ogres
  3 boggarts (Vaults:3)
  14 wolves
  7 centaurs
  An elephant skeleton (Crypt:2)
  6 phantoms
  A lemure (D:7)
  A salamander zombie (Crypt:2)
  A draconian zombie (Crypt:3)
  2 kobold brigands
  13 bullfrogs
  A komodo dragon zombie (Crypt:2)
  3 scorpions
  A gnoll sergeant (Orc:2)
  A small abomination (Depths:1)
  3 earth elementals
  A glowing shapeshifter simulacrum (Depths:1)
  20 wights
  The ghost of TheSexyCheese the Shield-Bearer, a weakling TrFi (D:3)
  Dowan (D:7)
  14 killer bees
  A shapeshifter skeleton (Crypt:3)
  3 jellies
  6 electric eels
  A troll skeleton (Crypt:3)
  6 howler monkeys
  A wolf skeleton (Crypt:1)
  6 centaur zombies (Ossuary)
  A gnoll bouda (D:6)
  28 orc priests
  3 hounds
  A basilisk skeleton (Crypt:2)
  3 iguanas
  3 sleepcaps
  Terence (D:2)
  Natasha (thrice) (D:2)
  30 orc wizards
  3 hell rats (Lair:5)
  A sky beast zombie (Crypt:1)
  A deep dwarf skeleton (Crypt:3)
  2 tengu skeletons
  5 mummies (Ossuary)
  11 adders
  13 gnolls
  2 white imps
  2 ufetubi
  2 worms
  A dart slug (D:2)
  72 orcs
  7 ball pythons
  A bat zombie (Crypt:3)
  9 endoplasms
  6 giant cockroaches
  7 goblins
  7 hobgoblins
  2 jackals (D:2)
  3 quokkas
  4 bats
  An endoplasm zombie (Crypt:3)
  4 frilled lizards
  A goblin zombie (Crypt:1)
  3 hobgoblin zombies (Ossuary)
  A jackal skeleton (Crypt:1)
  12 kobolds
  An orc skeleton (Crypt:2)
  7 rats
  46 fire vortices
2077 creatures vanquished.

Vanquished Creatures (collateral kills)
  A caustic shrike (Depths:3)
  A golden dragon (Depths:3)
  A lich (Depths:2)
  2 tentacled monstrosities
  2 Orb Guardians (Zot:5)
  A deep elf blademaster (Elf:2)
  A walking divine tome (Depths:2)
  A quicksilver dragon (Zot:5)
  An ancient champion (Crypt:3)
  A storm dragon (Zot:5)
  A frost giant (D:14)
  A vault warden (Vaults:3)
  6 fire giants
  2 deep elf sorcerers
  A draconian scorcher (Zot:5)
  2 deep elf elementalists (Elf:3)
  2 draconian stormcallers
  A ghoul (Crypt:3)
  A reaper (Depths:1)
  4 very ugly things
  A deep elf demonologist (Elf:3)
  A purple draconian (WizLab)
  A red draconian (Zot:5)
  2 white draconians (Zot:5)
  A yellow draconian (Zot:3)
  An eidolon (Crypt:3)
  3 fire dragons (Depths:2)
  An ettin (Depths:2)
  A jiangshi (Crypt:1)
  A vault guard (Vaults:3)
  A great orb of eyes (Vaults:3)
  A yaktaur captain (Vaults:3)
  A rakshasa (Depths:2)
  A hydra (Lair:5)
  A two-headed ogre (D:9)
  An ice dragon (D:15)
  An alligator snapping turtle (Shoals:3)
  An ogre mage (D:11)
  Erica (Lair:1)
  2 centaur warriors
  3 dancing weapons
  An ironbound frostheart (Vaults:3)
  A death knight (Crypt:1)
  A satyr (Shoals:4)
  3 tengu warriors
  A vampire mage (Crypt:1)
  3 death yaks
  4 deep troll shamans (Depths:2)
  A naga warrior (Snake:4)
  2 naga sharpshooters
  A shock serpent (Snake:2)
  2 boulder beetles (D:12)
  2 deep elf knights
  A hell knight (Depths:1)
  An orc high priest (D:11)
  A skyshark (Lair:3)
  A soul eater (Hell)
  4 skeletal warriors
  3 deep trolls
  A flayed ghost (D:14)
  A golden dragon zombie (Crypt:1)
  An orc knight (D:14)
  3 naga ritualists
  A lindwurm (Snake:4)
  A phantasmal warrior (Crypt:1)
  2 deep elf zephyrmancers
  An ironbound convoker (Vaults:1)
  2 deep elf pyromancers (Elf:1)
  2 ugly things (Depths:1)
  An orc sorcerer (Orc:2)
  4 cyclopes
  3 salamanders
  7 fauns
  2 rust devils
  4 black mambas
  A fire giant zombie (Crypt:1)
  A guardian serpent (Snake:4)
  Joseph (Lair:1)
  2 merfolk sirens
  5 slime creatures
  2 elephants (Lair:5)
  2 water nymphs
  A vault sentinel (Vaults:3)
  2 molten gargoyles (Volcano)
  A rime drake (Lair:1)
  A freezing wraith (Hell)
  3 yaktaurs
  2 komodo dragons (Lair:3)
  2 ice devils (Hell)
  2 tengu conjurers (WizLab)
  A troll (D:12)
  2 red devils
  A polar bear (Lair:5)
  A spriggan zombie (Hell)
  3 dream sheep
  3 blink frogs
  A snapping turtle (Shoals:4)
  A shadow (D:12)
  A ynoxinul (Depths:1)
  A wyvern (Lair:2)
  11 yaks
  2 vampire mosquitoes (D:12)
  A chaos spawn (Depths:1)
  4 wargs
  6 nagas
  A water moccasin (Lair:5)
  A hell hound (Lair:5)
  3 black bears (Lair:5)
  7 orc warriors
  An ogre (Orc:1)
  5 wolves (Lair:5)
  An ogre (shapeshifter) (D:14)
  3 centaurs (D:13)
  A bullfrog (Lair:2)
  A gnoll sergeant (D:8)
  2 wights (D:9)
  An orc priest (Orc:2)
  4 orc wizards (Orc:2)
  6 hell rats (Lair:5)
  4 orcs
237 creatures vanquished.

Vanquished Creatures (others)
  2 deep elf zephyrmancers (Elf:1)
  A moth of wrath (Zot:2)
  A bush (Lair:2)
  93 fire vortices
  16 fungi
  76 plants
  10 toadstools (Lair:2)
  7 withered plants
206 creatures vanquished.

Grand Total: 2520 creatures vanquished

Notes
Turn   | Place    | Note
-------+----------+-------------------------------------------
     0 | D:1      | FexLirch the Djinni Earth Elementalist began the quest for
                  | the Orb.
     0 | D:1      | FexLirch set off with the following spells memorised:
                  | Sandblast, Passwall, Stone Arrow, Petrify.
     0 | D:1      | Reached XP level 1. HP: 15/15 MP: 0/0
   117 | D:1      | Reached XP level 2. HP: 10/21 MP: 0/0
   231 | D:1      | Reached XP level 3. HP: 12/25 MP: 0/0
   231 | D:1      | Learned a level 1 spell: Necrotise
   763 | D:2      | Noticed Natasha
   773 | D:2      | Killed Natasha
   774 | D:2      | Reached XP level 4. HP: 27/31 MP: 0/0
   901 | D:2      | Noticed Natasha
   907 | D:2      | Killed Natasha
   910 | D:2      | Noticed Natasha
   916 | D:2      | Killed Natasha
   917 | D:2      | Reached XP level 5. HP: 25/35 MP: 0/0
   917 | D:2      | Learned a level 2 spell: Lesser Beckoning
  1123 | D:2      | Noticed Terence
  1131 | D:2      | Killed Terence
  1469 | D:3      | Reached XP level 6. HP: 40/40 MP: 0/0
  1526 | D:3      | Found a faded altar of an unknown god.
  1754 | D:3      | Found a runed translucent gate.
  1754 | D:3      | Found a runed translucent gate.
  1755 | D:3      | Found a runed translucent gate.
  1756 | D:3      | Noticed Nabski's ghost (amateur TeFE)
  1756 | D:3      | Noticed librariansheart's ghost (amateur MiBe)
  1756 | D:3      | Noticed TheSexyCheese's ghost (weakling TrFi)
  2007 | D:4      | Identified the +4 dagger of Lifriwk {distort, Int+4 Dex+2}
  2063 | D:4      | Reached skill level 5 in Spellcasting
  2222 | D:4      | Found a blossoming altar of Fedhas.
  2225 | D:4      | Found a white marble altar of Elyvilon.
  2229 | D:4      | Found a sacrificial altar of Ru.
  2788 | D:5      | Entered Level 5 of the Dungeon
  2908 | D:5      | Reached XP level 7. HP: 39/45 MP: 0/0
  2908 | D:5      | Learned a level 2 spell: Static Discharge
  3071 | D:5      | Reached XP level 8. HP: 34/50 MP: 0/0
  3141 | D:5      | Identified the +0 quarterstaff of Dixest {freeze, Str+2}
  3357 | D:5      | Noticed Grinder
  3368 | D:5      | Killed Grinder
  3369 | D:5      | Reached XP level 9. HP: 51/55 MP: 0/0
  3369 | D:5      | Learned a level 4 spell: Olgreb's Toxic Radiance
  3699 | D:6      | Noticed Eustachio
  3815 | D:6      | Found a sand-covered staircase.
  3820 | Ossuary  | Entered an ossuary
  3933 | D:6      | Killed Eustachio
  4051 | D:7      | Noticed Pikel
  4057 | D:7      | Killed Pikel
  4058 | D:7      | Reached skill level 10 in Spellcasting
  4080 | D:7      | Found a flagged portal.
  4094 | Bailey   | Entered a bailey
  4106 | Bailey   | Reached XP level 10. HP: 58/60 MP: 0/0
  4211 | D:7      | Found a staircase to the Ecumenical Temple.
  4217 | Temple   | Entered the Ecumenical Temple
  4243 | Temple   | Became a worshipper of Ashenzari the Shackled
  4677 | D:6      | Reached skill level 1 in Fighting
  4734 | D:6      | Noticed Sigmund
  4735 | D:6      | Killed Sigmund
  5028 | D:6      | Found a snail-covered altar of Cheibriados.
  5212 | D:7      | Noticed Duvessa
  5212 | D:7      | Noticed Dowan
  5215 | D:7      | Killed Duvessa
  5216 | D:7      | Killed Dowan
  5434 | D:8      | Reached XP level 11. HP: 60/71 MP: 0/0
  5434 | D:8      | Learned a level 4 spell: Summon Lightning Spire
  5508 | D:8      | Reached skill level 1 in Evocations
  5569 | D:8      | Reached skill level 5 in Dodging
  6090 | D:9      | Noticed a two-headed ogre
  6094 | D:9      | Killed a two-headed ogre
  6411 | D:9      | Reached skill level 5 in Fighting
  6680 | D:9      | Found a transporter.
  6681 | D:9      | Found a transporter.
  6681 | D:9      | Noticed a boulder beetle
  6802 | D:9      | Found a staircase to the Lair.
  7057 | D:9      | Reached * piety under Ashenzari
  7057 | D:9      | Identified a scroll of acquirement
  7058 | D:9      | Acquired a manual of Dodging
  7064 | D:9      | Found a bloodstained altar of Trog.
  7093 | D:10     | Entered Level 10 of the Dungeon
  7154 | D:10     | Identified Sif Muna's Compendium of Weather and the Adder
  7289 | D:7      | Identified Sif Muna's Compendium of Weather and the Adder
  7573 | D:3      | Killed Nabski's ghost
  7577 | D:3      | Killed TheSexyCheese's ghost
  7580 | D:3      | Killed librariansheart's ghost
  7796 | D:10     | Noticed a two-headed ogre
  7808 | D:10     | Killed a two-headed ogre
  7923 | D:11     | Found a portal to a secret trove of treasure.
  8026 | D:11     | Noticed a cyclops
  8049 | D:10     | Reached XP level 12. HP: 76/84 MP: 0/0
  8211 | D:10     | Found a hide-covered altar of Uskayaw.
  8774 | D:11     | Noticed a centaur warrior
  8777 | D:11     | Killed a centaur warrior
  8811 | D:11     | Noticed a boulder beetle
  8815 | D:11     | Noticed a tengu reaver
  8824 | D:11     | Killed a boulder beetle
  8827 | D:11     | Killed a tengu reaver
  8828 | D:11     | Noticed a tengu warrior
  8833 | D:11     | Killed a tengu warrior
  9078 | D:11     | Noticed a deep troll earth mage
  9083 | D:11     | Killed a deep troll earth mage
  9084 | D:11     | Reached skill level 10 in Dodging
  9155 | D:11     | Noticed a centaur warrior
  9162 | D:11     | Killed a centaur warrior
  9164 | D:11     | Noticed a boulder beetle
  9171 | D:11     | Killed a boulder beetle
  9177 | D:11     | Noticed an ettin
  9182 | D:11     | Killed an ettin
  9228 | D:11     | Noticed a centaur warrior
  9237 | D:11     | Killed a centaur warrior
  9255 | D:11     | Noticed a fire giant
  9267 | D:11     | Killed a fire giant
  9268 | D:11     | Reached skill level 5 in Evocations
  9268 | D:11     | Reached XP level 13. HP: 58/94 MP: 0/0
  9268 | D:11     | Learned a level 5 spell: Irradiate
  9316 | D:11     | Noticed a war gargoyle
  9331 | D:11     | Killed a war gargoyle
  9414 | D:11     | Noticed an ogre mage
  9419 | D:11     | Killed an ogre mage
  9479 | D:11     | Identified the +3 chain mail of Valour {rC+ rN+ Str+3 SInv}
  9517 | D:11     | Noticed a seven-headed hydra
  9523 | D:11     | Killed a seven-headed hydra
  9535 | D:11     | Noticed a stone giant
  9543 | D:11     | Killed a stone giant
 10094 | D:12     | Found a staircase to the Orcish Mines.
 10314 | D:12     | Reached skill level 1 in Shields
 10437 | D:12     | Found the +0 staff of Battle
 10628 | D:13     | Noticed an eight-headed hydra
 10645 | D:13     | Killed an eight-headed hydra
 10728 | D:13     | Noticed Sonja
 10732 | D:13     | Killed Sonja
 10733 | D:13     | Reached XP level 14. HP: 98/103 MP: 0/0
 10826 | D:13     | Reached skill level 10 in Fighting
 11446 | Lair:1   | Entered Level 1 of the Lair of Beasts
 11603 | Lair:1   | Noticed Erica
 11608 | Lair:1   | Killed Erica
 11712 | Lair:1   | Found a dark tunnel.
 11729 | Volcano  | Entered a volcano
 12197 | Lair:1   | Noticed Joseph
 12203 | Lair:1   | Killed Joseph
 12569 | Lair:2   | Reached ** piety under Ashenzari
 12631 | Lair:2   | Found a runed translucent gate.
 12631 | Lair:2   | Found a runed translucent gate.
 12632 | Lair:2   | Found a runed translucent gate.
 13151 | Lair:2   | Found a runed translucent door.
 13193 | Lair:2   | Identified the ring of the Crown {+Blink rCorr}
 13201 | Lair:2   | Reached XP level 15. HP: 103/115 MP: 0/0
 13201 | Lair:2   | Learned a level 6 spell: Starburst
 13325 | Lair:2   | Noticed jasper's ghost (journeyman HOFi)
 13326 | Lair:2   | Noticed bande's ghost (journeyman GrFi)
 13327 | Lair:2   | Identified the +7 halberd of Nimouja {heavy, Will+ Dex+3}
 13347 | Lair:2   | Killed bande's ghost
 13352 | Lair:2   | Killed jasper's ghost
 13413 | Lair:3   | Noticed Rupert
 13427 | Lair:3   | Killed Rupert
 13490 | Lair:3   | Found a staircase to the Snake Pit.
 13646 | Lair:5   | Entered Level 5 of the Lair of Beasts
 13663 | Lair:5   | Reached skill level 5 in Shields
 13723 | Lair:5   | Identified the +10 battleaxe of Crystal {protect, Int+5}
 13817 | Lair:5   | Reached skill level 15 in Dodging
 14373 | Lair:5   | Reached XP level 16. HP: 73/124 MP: 0/0
 14499 | Shoals:1 | Entered Level 1 of the Shoals
 14581 | Shoals:2 | Reached skill level 15 in Spellcasting
 14716 | Shoals:2 | Identified the +1 quarterstaff "Koovvote" {antimagic, rF-
                  | rN+ Int+3 Stlth+}
 14773 | Shoals:2 | Reached skill level 1 in Armour
 14854 | Shoals:3 | Found Mohesiso's Magic Scroll Shoppe.
 15090 | Shoals:3 | Found the +15 Maxwell's patent armour {-Cast -Tele rElec
                  | Will+ rCorr}
 15115 | Shoals:4 | Entered Level 4 of the Shoals
 15199 | Shoals:4 | Paralysed by an air elemental for 1 turns
 15216 | Shoals:4 | Paralysed by an air elemental for 1 turns
 15218 | Shoals:4 | Paralysed by an air elemental for 1 turns
 15413 | Shoals:4 | Paralysed by an air elemental for 1 turns
 15491 | Shoals:4 | Noticed a storm dragon
 15503 | Shoals:4 | Killed a storm dragon
 15504 | Shoals:4 | Reached XP level 17. HP: 112/132 MP: 0/0
 15504 | Shoals:4 | Learned a level 6 spell: Summon Cactus Giant
 15538 | Shoals:4 | Identified the +2 ring mail "Dunynnul" {Int+3}
 15543 | Shoals:4 | Identified Yclicvuz's Teachings on the Fair Folk and
                  | Iniquitous Deeds
 15560 | Shoals:4 | Got a barnacled rune of Zot
 15719 | Shoals:3 | Identified the +9 mace of the Tooth {heavy, rPois Int+5}
 15940 | Snake:1  | Entered Level 1 of the Snake Pit
 15964 | Snake:1  | Reached skill level 10 in Evocations
 16159 | Snake:1  | Found Kekiolol's Magic Scroll Shop.
 16429 | Snake:1  | Noticed Louise
 16433 | Snake:1  | Killed Louise
 16727 | Orc:1    | Entered Level 1 of the Orcish Mines
 17344 | Orc:2    | Entered Level 2 of the Orcish Mines
 17357 | Orc:2    | Found a staircase to the Elven Halls.
 17644 | Orc:2    | Reached skill level 5 in Armour
 17709 | Orc:2    | Found Wirogris's Jewellery Shoppe.
 17709 | Orc:2    | Found Ucogg's Antique Armour Shoppe.
 17710 | Orc:2    | Found Vownotwope's Jewellery Shop.
 17710 | Orc:2    | Found Puseapha's Armour Shop.
 17753 | Orc:2    | Bought a +0 pair of gloves of strength for 172 gold pieces
 17771 | Orc:2    | Bought a +6 ring of intelligence for 468 gold pieces
 17973 | Orc:2    | Reached XP level 18. HP: 131/141 MP: 0/0
 18287 | Shoals:3 | Bought a scroll of blinking for 142 gold pieces
 18287 | Shoals:3 | Bought a scroll of magic mapping for 142 gold pieces
 18287 | Shoals:3 | Bought a scroll of enchant armour for 142 gold pieces
 18287 | Shoals:3 | Bought a scroll of blinking for 142 gold pieces
 18287 | Shoals:3 | Bought a scroll of blinking for 142 gold pieces
 18409 | Snake:1  | Found a glowing golden altar of the Shining One.
 18411 | Snake:1  | Reached skill level 15 in Fighting
 18479 | Snake:2  | Noticed Roxanne
 18524 | Snake:2  | Killed Roxanne
 18893 | Snake:3  | Found Macyrr's Antique Armour Boutique.
 18906 | Snake:3  | Found Akonwu Tocky's Magic Scroll Shop.
 19120 | Snake:4  | Entered Level 4 of the Snake Pit
 19359 | Snake:4  | HP: 6/143 [shock serpent/bolt of electricity (24)]
 19835 | Snake:4  | Reached XP level 19. HP: 110/149 MP: 0/0
 19835 | Snake:4  | Learned a level 6 spell: Statue Form
 19888 | Snake:4  | Got a serpentine rune of Zot
 20154 | Snake:3  | Identified the cursed +3 troll leather armour "Portent of
                  | Ashenzari" {Regen+, Cun, Fort} (You found it on level 2 of
                  | the Dungeon)
 20698 | Lair:4   | Found a transporter.
 20748 | Lair:4   | Found a transporter.
 20751 | Lair:4   | Found a staircase to the Slime Pits.
 20760 | Lair:4   | Found a viscous altar of Jiyva.
 20799 | Lair:4   | Identified Lugonu's Almanac of Direction
 20807 | Lair:4   | Noticed jasper's ghost (journeyman DsVM)
 20810 | Lair:4   | Killed jasper's ghost
 20810 | Lair:4   | Found a one-way gate to the infinite horrors of the Abyss.
 21174 | Elf:1    | Entered Level 1 of the Elven Halls
 21197 | Elf:1    | Paralysed by an air elemental for 1 turns
 21291 | Elf:1    | Found Sule's Antique Armour Boutique.
 21387 | Elf:1    | Paralysed by an air elemental for 1 turns
 21395 | Elf:1    | Identified the Tome of the Escort
 21697 | Elf:1    | Found Yrghefaf's Weapon Shop.
 21700 | Elf:1    | Paralysed by an air elemental for 1 turns
 22159 | Elf:2    | Reached XP level 20. HP: 157/158 MP: 0/0
 22182 | Elf:2    | Found a runed translucent gate.
 22182 | Elf:2    | Found a runed translucent gate.
 22182 | Elf:2    | Found a runed translucent gate.
 23069 | Elf:3    | Entered Level 3 of the Elven Halls
 23261 | Elf:3    | Found a runed translucent gate.
 23261 | Elf:3    | Found a runed translucent gate.
 23263 | Elf:3    | Paralysed by an air elemental for 1 turns
 23269 | Elf:3    | Found a runed translucent gate.
 23270 | Elf:3    | Noticed holysushi's ghost (adept DsMo)
 23271 | Elf:3    | Noticed olddryhag's ghost (adept DsGl)
 23298 | Elf:3    | Killed olddryhag's ghost
 23299 | Elf:3    | Killed holysushi's ghost
 23708 | Elf:3    | Noticed a Tzitzimitl
 23748 | Elf:3    | Reached skill level 10 in Shields
 23821 | Elf:3    | Identified the ring of the Two Names {Fly rF- Dex+4 Stlth+}
 23890 | Elf:3    | Identified the +6 swamp dragon scales of Impatience {rPois
                  | Int+4}
 23890 | Elf:3    | Identified the +1 spear of Forgiveness {drain, rElec rPois}
 23892 | Elf:3    | Identified the +6 rapier "Vemyetturo" {flame, Int+5 Dex+3}
 23938 | Elf:3    | Identified the +1 crystal plate armour of Peek-a-Boo {+Inv
                  | rPois Will++ Dex-3}
 23939 | Elf:3    | Identified the Vellum of the Vile Snowflakes
 23943 | Elf:3    | Reached XP level 21. HP: 164/166 MP: 0/0
 23943 | Elf:3    | Learned a level 7 spell: Dragon Form
 23956 | Elf:3    | Identified the cursed +2 cloak "Servitude of Ashenzari"
                  | {Will+, Cun, Self} (You found it on level 1 of the Dungeon)
 23956 | Elf:3    | Identified the cursed +2 helmet of Ashenzari's Affliction
                  | {Evo, Self} (You found it on level 1 of the Dungeon)
 24012 | Elf:3    | Identified the +0 scale mail "Tynoeloi" {Dex+5}
 24132 | Elf:3    | Acquired a manual of Spellcasting
 24185 | Elf:3    | Identified the amulet of Pohetsyi {RegenMP Harm rElec SInv}
 24185 | Elf:3    | Identified the +4 chain mail "Deippu" {rN+}
 24546 | D:14     | Found a gate to the Vaults.
 24657 | D:14     | Noticed Josephine
 24661 | D:14     | Killed Josephine
 25295 | D:14     | Identified the +1 spear "Vynnixt" {pain, rF+}
 25657 | D:15     | Entered Level 15 of the Dungeon
 25788 | D:15     | Found Muuqear's Weapon Emporium.
 26039 | D:15     | Found a staircase to the Depths.
 26144 | Vaults:1 | Entered Level 1 of the Vaults
 26752 | Vaults:1 | Reached XP level 22. HP: 175/175 MP: 0/0
 27476 | Vaults:2 | Reached skill level 10 in Armour
 27531 | Vaults:2 | Found Ohaus's Magic Scroll Shop.
 28347 | Vaults:3 | Found a magical portal.
 28371 | WizLab   | Entered Iskenderun's Mystic Tower
 28860 | WizLab   | Identified the Essays on the Radiant Torch
 28860 | WizLab   | Identified the Teachings on Weathered Summoning
 28883 | WizLab   | Identified Iskenderun's Commentary on Conflict
 28883 | WizLab   | Identified Iskenderun's Folio of Momentum
 29330 | Vaults:3 | Reached XP level 23. HP: 174/183 MP: 0/0
 29330 | Vaults:3 | Learned a level 7 spell: Summon Hydra
 29525 | Vaults:3 | Noticed Sojobo
 29535 | Vaults:3 | Killed Sojobo
 29750 | Vaults:3 | Found a staircase to the Crypt.
 29750 | Vaults:3 | Found a basalt altar of Yredelemnul.
 31451 | Crypt:1  | Entered Level 1 of the Crypt
 31679 | Crypt:1  | Reached XP level 24. HP: 180/193 MP: 0/0
 32169 | Crypt:1  | Found a runed translucent gate.
 32169 | Crypt:1  | Found a runed translucent gate.
 32171 | Crypt:1  | Found a runed translucent gate.
 32174 | Crypt:1  | Noticed dolemite99's ghost (veteran MfGl)
 32174 | Crypt:1  | Noticed Omiorith's ghost (adept GrFi)
 33466 | Crypt:3  | Entered Level 3 of the Crypt
 33502 | Crypt:3  | Reached *** piety under Ashenzari
 33594 | Crypt:3  | Found a runed translucent door.
 33594 | Crypt:3  | Noticed Hegoitz's ghost (veteran MiGl)
 33638 | Crypt:3  | Killed Hegoitz's ghost
 33840 | Crypt:3  | Found a staircase to the Tomb.
 34037 | Crypt:3  | Identified the cursed +2 pair of gloves "Gnostic Yoke"
                  | {Self, Fort} (You found it on level 2 of the Dungeon)
 34270 | Crypt:3  | Identified the +4 short sword "Wyecin" {flame, +Blink}
 34270 | Crypt:3  | Identified The Arcane Secrets of Hermeneutics
 34541 | Crypt:2  | Upgraded the game from 0.30-a0-847-g17996783a1 to
                  | 0.30-a0-852-g08b95dd62f
 34889 | Depths:1 | Entered Level 1 of the Depths
 34889 | Depths:1 | Found a gateway to Hell.
 34986 | Depths:1 | Found a basalt altar of Yredelemnul.
 35078 | Depths:1 | Found a one-way gate leading to the halls of Pandemonium.
 35316 | Depths:1 | Found the +2 pair of slick slippers {slick, slippery, EV+5}
 35367 | Depths:1 | Identified the +6 plate armour of the Lair of Beasts {rN+
                  | rCorr Int+2}
 35468 | Depths:1 | Reached XP level 25. HP: 204/204 MP: 0/0
 35468 | Depths:1 | Learned a level 9 spell: Polar Vortex
 35582 | Depths:1 | Reached skill level 15 in Evocations
 36054 | Depths:2 | Found a runed translucent gate.
 36054 | Depths:2 | Found a runed translucent gate.
 36054 | Depths:2 | Found a runed translucent gate.
 36063 | Depths:2 | Noticed Himmaryad's ghost (adept TrMo)
 37448 | Depths:3 | Identified the +1 leather armour of the Peach {Rampage
                  | rElec rF++ rCorr}
 37514 | Depths:3 | Found a one-way gateway to a ziggurat.
 37531 | Depths:3 | Reached **** piety under Ashenzari
 38261 | Depths:4 | Entered Level 4 of the Depths
 38603 | Depths:4 | Identified the +3 ring mail "Jorchus" {rF- rC+ Will+}
 39268 | Depths:4 | Found a gate to the Realm of Zot.
 39343 | Depths:3 | Reached XP level 26. HP: 217/217 MP: 0/0
 39421 | Depths:3 | Found a runed translucent door.
 39422 | Depths:3 | Identified the +2 great sword "Liagidwe" {heavy, *Corrode
                  | Fly Int+2 Stlth+}
 39447 | Depths:3 | Noticed a juggernaut
 39450 | Depths:3 | Killed a juggernaut
 39454 | Depths:3 | Identified the Quarto of Vapour
 39457 | Depths:3 | Found a runed translucent door.
 39461 | Depths:3 | Found a runed translucent door.
 39462 | Depths:3 | Found a runed translucent door.
 39947 | Slime:1  | Entered Level 1 of the Pits of Slime
 40049 | Slime:5  | Entered Level 5 of the Pits of Slime
 40062 | Slime:5  | Gained mutation: You occasionally lose the ability to read
                  | scrolls when taking damage. [a shining eye]
 40066 | Slime:5  | Noticed the Royal Jelly
 40266 | Slime:5  | Found a viscous altar of Jiyva.
 40267 | Slime:5  | Identified the ring "Puyt Epla" {Wiz rElec rF+ Stlth+}
 40268 | Slime:5  | Identified the +9 war axe of Painful Death {spect, Will+
                  | Dex+2}
 40293 | Slime:5  | Lost mutation: You occasionally lose the ability to read
                  | scrolls when taking damage. [potion of mutation]
 40293 | Slime:5  | Gained mutation: Your spells are a little easier to cast,
                  | but a little less powerful. [potion of mutation]
 40293 | Slime:5  | Gained mutation: You are frail. (-10% HP) [potion of
                  | mutation]
 40293 | Slime:5  | Gained mutation: You have very sharp teeth. [potion of
                  | mutation]
 40293 | Slime:5  | Gained mutation: Your muscles are strong. (Str +4, Int/Dex
                  | -1) [potion of mutation]
 40294 | Slime:5  | Lost mutation: You have very sharp teeth. [potion of
                  | mutation]
 40294 | Slime:5  | Lost mutation: Your spells are a little easier to cast, but
                  | a little less powerful. [potion of mutation]
 40294 | Slime:5  | Gained mutation: You occasionally lose the ability to read
                  | scrolls when taking damage. [potion of mutation]
 40294 | Slime:5  | Gained mutation: You sometimes lose your temper in combat.
                  | [potion of mutation]
 40295 | Slime:5  | Lost mutation: You occasionally lose the ability to read
                  | scrolls when taking damage. [potion of mutation]
 40295 | Slime:5  | Lost mutation: You are frail. (-10% HP) [potion of
                  | mutation]
 40295 | Slime:5  | Lost mutation: Your muscles are strong. (Str +4, Int/Dex
                  | -1) [potion of mutation]
 40295 | Slime:5  | Gained mutation: You occasionally shout uncontrollably at
                  | your foes. [potion of mutation]
 40295 | Slime:5  | Gained mutation: You are weak. (Str -2) [potion of
                  | mutation]
 40296 | Slime:5  | Lost mutation: You occasionally shout uncontrollably at
                  | your foes. [potion of mutation]
 40296 | Slime:5  | Lost mutation: You sometimes lose your temper in combat.
                  | [potion of mutation]
 40296 | Slime:5  | Lost mutation: You are weak. (Str -2) [potion of mutation]
 40296 | Slime:5  | Gained mutation: You are partially covered in iridescent
                  | scales. (AC +2) [potion of mutation]
 40303 | Slime:5  | Identified the +0 pair of gloves of the Grey Skies {rF-
                  | MP+9 Int+6 Dex+3}
 40305 | Slime:5  | Identified the +0 plate armour of Kippewnic {rPois}
 40350 | Slime:5  | Killed the Royal Jelly
 40422 | Slime:5  | Got a slimy rune of Zot
 40761 | Hell     | Entered the Vestibule of Hell
 40764 | Hell     | Noticed Geryon
 40779 | Hell     | Killed Geryon
 40891 | Hell     | Found a gateway to the decaying netherworld of Tartarus.
 41020 | Hell     | Found a gateway to the freezing wastes of Cocytus.
 41060 | Hell     | Found a gateway to the Iron City of Dis.
 41150 | Hell     | Found a gateway to the ashen valley of Gehenna.
 41333 | Depths:4 | Reached ***** piety under Ashenzari
 41336 | Zot:1    | Entered Level 1 of the Realm of Zot
 41534 | Zot:1    | Identified the +7 falchion of Ravage {spect, rElec rN+++
                  | Str-5 Int-4}
 41618 | Zot:1    | Reached XP level 27. HP: 227/228 MP: 0/0
 41618 | Zot:1    | Learned a level 9 spell: Fire Storm
 42004 | Zot:2    | Noticed an orb of fire
 42543 | Zot:3    | Reached skill level 15 in Shields
 42743 | Zot:4    | Identified the +2 scale mail of Tyujyvei {Regen+}
 43057 | Zot:5    | Entered Level 5 of the Realm of Zot
 43154 | Zot:4    | Noticed an orb of fire
 43161 | Zot:4    | Killed an orb of fire
 43168 | Zot:4    | Noticed Vv
 43177 | Zot:4    | Killed Vv
 43178 | Zot:4    | Reached skill level 5 in Stealth
 43393 | Zot:4    | Noticed an orb of fire
 43399 | Zot:4    | Killed an orb of fire
 43995 | Zot:5    | Noticed a dread lich
 43997 | Zot:5    | Killed a dread lich
 44030 | Zot:5    | Noticed a dread lich
 44030 | Zot:5    | Noticed an orb of fire
 44032 | Zot:5    | Killed a dread lich
 44034 | Zot:5    | Killed an orb of fire
 44040 | Zot:5    | Reached skill level 15 in Armour
 44074 | Zot:5    | Noticed an orb of fire
 44092 | Zot:5    | Gained mutation: You are weak. (Str -2) [an orb of fire]
 44093 | Zot:5    | Killed an orb of fire
 44102 | Zot:5    | Noticed an orb of fire
 44137 | Zot:5    | Killed an orb of fire
 44217 | Zot:5    | Noticed an orb of fire
 44217 | Zot:5    | Noticed an orb of fire
 44229 | Zot:5    | Killed an orb of fire
 44230 | Zot:5    | Killed an orb of fire
 44252 | Zot:5    | Noticed an orb of fire
 44254 | Zot:5    | Noticed an orb of fire
 44313 | Zot:5    | Killed an orb of fire
 44482 | Zot:5    | Noticed an orb of fire
 44486 | Zot:5    | Killed an orb of fire
 44544 | Zot:5    | Noticed an orb of fire
 44555 | Zot:5    | Gained mutation: You sometimes lose your temper in combat.
                  | [an orb of fire]
 44556 | Zot:5    | Killed an orb of fire
 44607 | Zot:5    | Gained mutation: You have hidden genetic defects. [an orb
                  | of fire]
 44608 | Zot:5    | Noticed an ancient lich
 44629 | Zot:5    | Killed an orb of fire
 44718 | Zot:5    | Noticed an orb of fire
 44722 | Zot:5    | Gained mutation: You occasionally lose the ability to read
                  | scrolls when taking damage. [an orb of fire]
 44728 | Zot:5    | Killed an orb of fire
 44771 | Zot:5    | Lost mutation: You are partially covered in iridescent
                  | scales. (AC +2) [potion of mutation]
 44771 | Zot:5    | Lost mutation: You occasionally lose the ability to read
                  | scrolls when taking damage. [potion of mutation]
 44771 | Zot:5    | Lost mutation: You have hidden genetic defects. [potion of
                  | mutation]
 44771 | Zot:5    | Gained mutation: You expend health (3 HP) to strengthen
                  | your wands. [potion of mutation]
 44771 | Zot:5    | Gained mutation: Your flesh is almost immune to the effects
                  | of heat. (rF+++) [potion of mutation]
 44772 | Zot:5    | Lost mutation: You sometimes lose your temper in combat.
                  | [potion of mutation]
 44772 | Zot:5    | Lost mutation: You are weak. (Str -2) [potion of mutation]
 44772 | Zot:5    | Lost mutation: Your flesh is almost immune to the effects
                  | of heat. (rF+++) [potion of mutation]
 44772 | Zot:5    | Gained mutation: You possess an exceptional clarity of
                  | mind. [potion of mutation]
 44831 | Zot:5    | Noticed a Killer Klown
 44834 | Zot:5    | Noticed a Killer Klown
 44834 | Zot:5    | Killed a Killer Klown
 44853 | Zot:5    | Killed a Killer Klown
 44859 | Zot:5    | Killed an ancient lich
 44960 | Zot:5    | Identified the +9 plate armour of Kuas {rC+ Str+2 Int-5}
 45155 | Zot:5    | Got the Orb of Zot
 45431 | Depths:1 | Noticed an ancient lich
 45432 | Depths:1 | Noticed Wegihag the pandemonium lord
 45433 | Depths:1 | Killed an ancient lich
 45434 | Depths:1 | Killed Wegihag the pandemonium lord
 45833 | D:$      | Escaped with the Orb!

Illustrated notes

Levels and vault maps discovered:
D:1:      dpeg_arrival_castle, layout_rooms, minmay_surrounded
D:2:      layout_loops_ring, uniq_natasha, uniq_terence
D:3:      layout_rooms, kiku_gazebo_pond_becter, gammafunk_ghost_cemetery,
          hellmonk_ecumenical_altar_inner_sanctum
D:4:      layout_basic, grunt_temple_overflow_diamond
D:5:      layout_basic, nrook_mini_vaults, wad_floor_pattern_2, minmay_circle_x,
          uniq_grinder
D:6:      layout_basic, slow_altar_2, enter_ossuary_5, minivault_1,
          kennysheep_pointless_box, uniq_eustachio, uniq_sigmund
D:7:      layout_basic, minmay_temple_entry_hall, enter_bailey_3,
          eino_small_chamber_without_monster, uniq_pikel, uniq_duvessa
D:8:      layout_loops_ring
D:9:      gammafunk_boulding_lane, layout_stronghold, lightli_temple_of_fire,
          lair_entry_dummy, minmay_misc_feat_roman, minivault_23
D:10:     layout_basic, nicolae_uskayaw_murder_on_the_dancefloor, minivault_14,
          serial_park_tiny_pond, billiards_dpeg
D:11:     minmay_box_of_curves, layout_long_grid, enter_trove_2,
          hangedman_abyss_or_decor_lesser_grid
D:12:     minmay_s_stair_smasher, layout_gridville, orc_0_dummy, minivault_14,
          hellmonk_guarded_unrand_staff_of_battle
D:13:     hellmonk_ruined_rings, layout_gridville, uniq_sonja
D:14:     minmay_tile_spiral, layout_small_grid, erik_vaults_2,
          serial_co_window_serial, co_window_paths_a, co_window_corner_a,
          co_window_of_opportunity_a, co_window_corner_a, co_window_corner_a,
          co_window_of_opportunity_a, co_window_corner_a, co_window_broadway_c,
          co_window_2corner, co_window_broadway_c, co_window_corner_b,
          co_window_paths_d, glass_columns_a, glass_columns_a,
          kennysheep_generic_room_9, uniq_josephine
D:15:     grunt_enter_depths_hoard, layout_cave_pools, serial_shops,
          nicolae_shop_bloodbath_and_beyond
Temple:   regret_index_temple_generic_petals
Lair:1:   layout_regular_city, nicolae_volcano_entry_two_sided,
          grunt_megastairs_3, uniq_joseph, uniq_erica
Lair:2:   gammafunk_lair_enchanted_lake, layout_regular_city,
          gammafunk_ghost_cemetery, grunt_megastairs_2
Lair:3:   layout_hall_layers, nicolae_shoals_entry_flooding,
          guppyfry_snake_entry_island, uniq_rupert
Lair:4:   layout_roguey, slime_entry_1, gammafunk_ghost_abyssal_escape,
          minivault_26, serial_bayou_shore_b, infiniplex_staircase_pool
Lair:5:   hangedman_lair_caniforms_friends, layout_regular_city,
          guppyfry_lair_drakes, infiniplex_staircase_pool_2
Shoals:1: argonaut_golden_fleece, layout_shoals, serial_shops,
          nicolae_lakefront_shop
Shoals:2: layout_shoals, uniq_polyphemus
Shoals:3: layout_shoals, serial_shops, shop, st_sunken_temple
Shoals:4: shoals_end_hellmonk_storm_palace [storm_palace_center_ruins,
          storm_palace_corner_grid, storm_palace_corner_reverse_hut,
          storm_palace_corner_pillars, storm_palace_corner_blocked]
Snake:1:  layout_grid_shapes, basic_altar, grunt_megastairs_1, minmay_shop_star,
          serial_bayou_shore_a, uniq_louise
Snake:2:  layout_gridlike, uniq_roxanne
Snake:3:  layout_onion_interference, nicolae_snake_scaly_snakehead,
          minmay_shoptagon, lemuel_fruit_tree
Snake:4:  snake_pit_salamanders_mu, layout_rooms, serial_bayou_crossing
Slime:1:  layout_caves
Slime:2:  layout_caves, basic_altar
Slime:3:  layout_caves
Slime:4:  layout_caves, basic_altar
Slime:5
Orc:1:    layout_diamond_mine, statue_in_the_mist_lemuel
Orc:2:    st_orc_elflike, layout_caves, minmay_orc_temple_c
Elf:1:    eino_elf_arrival_altar, layout_geoelf_diagonals, serial_shops, shop,
          minmay_elf_demonology, minivault_20, st_stairs_7, grunt_ministairs_3,
          nicolae_take_the_stairs
Elf:2:    nicolae_elf_blades_crystal_corner, layout_loops_corners
Elf:3:    nooodl_elf_gasket, layout_loops_corners, gammafunk_ghost_cemetery
Vaults:1: grunt_vaults_funnel, grunt_vaults_trifunnel,
          vaults_room_grunt_arrival_ludios, v_misc_25, ontoclasm_vaults_hangar,
          ontoclasm_vaults_twist, v_misc_17, v_misc_30,
          hangedman_vaults_river_flow, v_misc_30, st_hourglassy,
          grunt_vaults_hallway_long, v_misc_16, nicolae_vaults_little_squares_5,
          layout_vaults_omnibox
Vaults:2: v_misc_15, v_misc_23, nicolae_vaults_little_squares_6,
          nicolae_vaults_arrows, v_alt_pattern_2, ontoclasm_vaults_pinch,
          vaults_standard_mumra_x, nicolae_vaults_rhombus_6,
          nicolae_vaults_network_barrier, grunt_vaults_hallway_long,
          vaults_dpeg_ring, dpeg_vaults_monster_box, layout_vaults_maze_snakey,
          serial_shops, shop
Vaults:3: mu_enter_wizlab_6, nicolae_vaults_little_squares_2,
          nicolae_vaults_rhombus_6, minmay_crypt_entry_necro_gods, v_misc_10,
          v_rooms_4, vaults_dpeg_diagonal, hangedman_vaults_hat, v_misc_12,
          v_misc_28, ontoclasm_vaults_chip, layout_vaults_omnicross, uniq_sojobo
Vaults:4: nicolae_vaults_network_s, vaults_mumra_minichess_inversion,
          hangedman_vaults_maws, nicolae_vaults_little_squares_4,
          vaults_mumra_hexcomb, ontoclasm_vaults_claustrophobia, v_misc_4,
          nicolae_vaults_theta, nicolae_vaults_three_branches,
          nicolae_vaults_little_squares_4, layout_vaults_big_room, serial_shops
Crypt:1:  layout_catacombs, gammafunk_ghost_cemetery, serial_co_window_serial,
          co_window_cross_1, co_window_paths_a, co_window_of_opportunity_a,
          co_window_corner_a, co_window_paths_a, co_window_corner_a,
          co_window_paths_a, co_window_2corner, co_window_of_opportunity_b,
          co_window_2corner, co_window_broadway_b, co_window_corner_cb,
          glass_columns_c, minmay_misc_feat_columns, st_stairs_10
Crypt:2:  layout_gridlike, roderic_lattice_octagonal_star, lemuel_upstairs_altar
Crypt:3:  david_glass_crypt, layout_chaotic_city, ebering_ghost_inner_flame,
          columned_hall_lemuel, minmay_misc_feat_rows, grunt_megastairs_4
Depths:1: layout_twisted_cross, grunt_pan_entry_sceptre, hell_entry,
          yredelemnul_altar_generic, minmay_the_grid_square_5x5_3x3_mashed
          [minmay_the_grid_square_5x5_shrine2, minmay_the_grid_square_5x5_two,
          minmay_the_grid_square_5x5_spiral, minmay_the_grid_square_5x5_minibox,
          minmay_the_grid_square_5x5_megaprize_hollow,
          minmay_the_grid_square_5x5_bridge,
          minmay_the_grid_square_5x5_checkered_sparse,
          minmay_the_grid_square_5x5_almost_minimal,
          minmay_the_grid_square_5x5_tetrominoes], grunt_megastairs_5
Depths:2: kennysheep_windowed_halls, layout_basic, pan_entry,
          hangedman_tar_grid_catacomb, serial_sigils_hangedman_gnaw,
          biasface_ghost_demon_polymorph, firewood_loft,
          infiniplex_staircase_pillars_3a
Depths:3: impenetrable_vault, layout_cave_shapes, enter_ziggurat_e,
          hangedman_abyss_or_decor_clamps, hell_entry, rand_demon_pan_entry_1,
          abyss_entry
Depths:4: grunt_zot_entry_pinwheel, layout_cave_shapes, hell_entry, abyss_entry,
          chequers_serial_rivers_room_b, serial_bayou_shore_b,
          nicolae_triple_integral
Hell
Zot:1:    layout_misc_corridors
Zot:2:    layout_cathedral_of_symmetry, nrook_zot_tub
Zot:3:    layout_misc_corridors
Zot:4:    layout_twisted_circle, uniq_vv
Zot:5:    layout_misc_corridors, grunt_ministairs_8

Skill      XL: |  1  2  3  4  5  6  7  8  9 10 11 12 13 14 15 16 17 18 19 20 21 22 23 24 25 26 27 |
---------------+----------------------------------------------------------------------------------+-----
Spellcasting   | 3 4 5 6 8 10 11 12 13 14 15 16 17 18 19 20 21 | 21.5
Fighting       | 3 5 8 9 11 12 13 14 15 16 17 18 19 20 21 22 | 22.3
Dodging        | 4 7 11 13 14 15 16 17 18 19 20 21 22 | 22.8
Evocations     | 3 5 6 7 8 9 10 11 12 13 14 15 16 18 | 18.1
Shields        | 2 4 6 7 8 9 10 11 12 13 14 16 | 16.6
Armour         | 3 5 6 7 8 9 10 11 12 13 16 | 16.0
Stealth        | 2 8 |  8.5

Action                     |  1- 3 |  4- 6 |  7- 9 | 10-12 | 13-15 | 16-18 | 19-21 | 22-24 | 25-27 || total
---------------------------+-------+-------+-------+-------+-------+-------+-------+-------+-------++-------
  Melee: Staff             |     1 |     2 |     2 |    12 |    22 |     6 |     9 |    13 |     6 ||    73
         Unarmed           |     1 |       |       |       |       |       |     1 |       |       ||     2
         Punch             |       |       |       |     1 |       |       |       |       |       ||     1
         Tailslap          |       |       |       |       |       |       |     1 |       |       ||     1
  Throw: Boomerang         |       |       |     4 |     1 |       |       |       |       |       ||     5
   Cast: Sandblast         |    50 |    26 |    35 |    35 |    24 |     5 |       |       |       ||   175
         Necrotise         |       |    39 |    32 |    19 |     9 |     1 |     3 |       |       ||   103
         Stone Arrow       |       |    19 |    57 |   155 |   283 |   306 |   350 |   197 |   152 ||  1519
         Petrify           |       |       |     1 |     6 |     4 |     1 |     2 |     2 |       ||    16
         Olgreb's Toxic Ra |       |       |    11 |    41 |    50 |    32 |    38 |    29 |    14 ||   215
         Static Discharge  |       |       |     4 |     2 |       |       |       |     3 |       ||     9
         Passwall          |       |       |     1 |       |     3 |     3 |     2 |       |     2 ||    11
         Summon Lightning  |       |       |       |    15 |    61 |    56 |    22 |    21 |     5 ||   180
         Lesser Beckoning  |       |       |       |     1 |     5 |     1 |     4 |     2 |    10 ||    23
         Irradiate         |       |       |       |       |    12 |    12 |    22 |    40 |    77 ||   163
         Starburst         |       |       |       |       |    18 |    97 |   111 |   306 |   293 ||   825
         Summon Cactus Gia |       |       |       |       |       |    17 |    21 |    18 |    12 ||    68
         Statue Form       |       |       |       |       |       |       |    24 |    21 |    21 ||    66
         Dragon Form       |       |       |       |       |       |       |     2 |     1 |       ||     3
         Summon Hydra      |       |       |       |       |       |       |       |    24 |    20 ||    44
         Polar Vortex      |       |       |       |       |       |       |       |       |    51 ||    51
         Fire Storm        |       |       |       |       |       |       |       |       |    91 ||    91
 Invoke: Curse Item        |       |       |       |     2 |     1 |       |       |     2 |     2 ||     7
Ability: Evoke Blink       |       |       |       |       |     2 |       |     2 |     1 |       ||     5
         End Transformatio |       |       |       |       |       |       |    19 |     7 |     6 ||    32
         Breathe Fire      |       |       |       |       |       |       |     2 |       |       ||     2
  Evoke: Wand              |       |       |       |     1 |     3 |     4 |       |     1 |    12 ||    21
         Horn of Geryon    |       |       |       |       |       |       |       |       |     1 ||     1
         Box of beasts     |       |       |       |       |       |       |       |       |     1 ||     1
    Use: Scroll            |       |       |       |    13 |     3 |     2 |     5 |     7 |     8 ||    38
         Potion            |       |       |       |     1 |       |     1 |       |     4 |    10 ||    16
   Stab: Distracted        |       |       |       |       |       |       |       |     1 |       ||     1
 Armour: Robe              |     4 |       |       |       |       |       |       |       |       ||     4
         Troll leather arm |     3 |     5 |     9 |    36 |    48 |    37 |    25 |    25 |    37 ||   225
         Skin              |       |       |       |       |       |       |    43 |    16 |    27 ||    86
  Dodge: Dodged            |    21 |    19 |    25 |    61 |   120 |   151 |   124 |   137 |   185 ||   843
  Block: Buckler           |       |       |       |       |    44 |    32 |       |       |       ||    76
         Tower shield      |       |       |       |       |       |    80 |   173 |   224 |   204 ||   681

Table legend: (Time is in decaauts)
 A = Elapsed time spent in this place.
 B = Non-inter-level travel time spent in this place.
 C = Inter-level travel time spent in this place.
 D = Time resting spent in this place.
 E = Time spent auto-exploring this place.
 F = Levels seen in this place.
 G = Mean time per level.
                   A        B        C        D        E       F      G
               +--------+--------+--------+--------+--------+-----+--------+
         Total |  47131 |  39959 |   7172 |   1892 |  19499 |  60 |  785.5 |
       Dungeon |  14107 |  11741 |   2366 |    275 |   8302 |  15 |  940.5 |
        Temple |     50 |     27 |     23 |      0 |     17 |   1 |   50.0 |
          Lair |   3659 |   2781 |    878 |    115 |    803 |   5 |  731.8 |
        Shoals |   1511 |   1207 |    304 |     76 |      0 |   4 |  377.8 |
     Snake Pit |   2814 |   2392 |    422 |     64 |    756 |   4 |  703.5 |
    Slime Pits |    595 |    540 |     55 |     97 |      0 |   5 |  119.0 |
  Orcish Mines |   1443 |   1187 |    256 |     34 |    608 |   2 |  721.5 |
   Elven Halls |   3435 |   2964 |    471 |     38 |   1398 |   3 | 1145.0 |
        Vaults |   5211 |   4599 |    612 |    100 |   2595 |   4 | 1302.8 |
         Crypt |   3325 |   2960 |    365 |     77 |   1699 |   3 | 1108.3 |
        Depths |   5359 |   4716 |    643 |    156 |   2695 |   4 | 1339.8 |
          Hell |    413 |    363 |     50 |     28 |     43 |   1 |  413.0 |
           Zot |   4151 |   3427 |    724 |    579 |    583 |   5 |  830.2 |
       Ossuary |    109 |    109 |      0 |     12 |      0 |   1 |  109.0 |
        Bailey |     41 |     41 |      0 |      0 |      0 |   1 |   41.0 |
       Volcano |    270 |    270 |      0 |     78 |      0 |   1 |  270.0 |
        Wizlab |    630 |    630 |      0 |    162 |      0 |   1 |  630.0 |
               +--------+--------+--------+--------+--------+-----+--------+

Top non-repeatable levels by time:
   Zot:5: 1545 daAuts
 Crypt:1: 1497 daAuts
Depths:2: 1485 daAuts
Vaults:4: 1404 daAuts
    D:11: 1369 daAuts
Vaults:3: 1346 daAuts
     D:9: 1323 daAuts
Depths:3: 1316 daAuts
Depths:1: 1296 daAuts
    D:14: 1280 daAuts
   Elf:3: 1279 daAuts
Depths:4: 1262 daAuts
Vaults:1: 1234 daAuts
Vaults:2: 1226 daAuts
 Crypt:3: 1139 daAuts
